AoeStats
← aassdd518

Arena

506597290Analyzed
1v1 RM · 18d ago on Sep 14, 2026· 41m 20s· 2 players
Game mode
Random Map
Map size
Tiny (2 player)
Population
200
Speed
Normal
Resources
Standard
Victory
Conquest
Starting age
Dark Age
Ending age
Imperial Age
RankedLock teamsTeams togetherTeam positionsShared explorationLock speedFull tech treeHidden civsTurbo modeCheats
Victory
Defeat
🇹🇼 Turks · Taiwan
484
+13
🇫🇷 Sicilians · France
417
-13
Arlexchc
10:36 Feudal Age
23:02 Castle Age
36:29 Imperial Age
34:04 Town Watch
35:47 Fletching
37:48 Loom
38:38 Wheelbarrow
38:22 Double-Bit Axe
41:14 Bow Saw
aassdd518
11:12 Feudal Age
11:41 Double-Bit Axe
14:17 Horse Collar
18:45 Castle Age
20:19 Bow Saw
22:00 Heavy Plow
25:57 Wheelbarrow
27:47 Murder Holes
33:38 Imperial Age
31:40 Husbandry
31:53 Bloodlines
32:29 Masonry
32:48 Scale Barding Armor
35:45 Two-Man Saw
35:05 Arrowslits
36:08 Elite Janissary
37:58 Architecture
38:36 Sipahi
39:10 Artillery
Connection lost

Rejoining the realm…

Still unreachable

The connection could not be restored.

Session expired

The server has moved on; the page needs a fresh start.